 Dungeon Crawl Stone Soup version 0.30-a0-297-g0ec75d9ef4 (webtiles) character file.

Game seed: 4770680631433426223

21392 zishaf the Fighter (level 12, -27/73 HPs)
             Began as a Vine Stalker Brigand on Oct 18, 2022.
             Was a Believer of Uskayaw.
             Annihilated by an ettin
             ... wielding a +0 great mace
              (49 damage)
             ... on level 12 of the Dungeon.
             The game lasted 00:16:00 (9843 turns).

zishaf the Fighter (Vine Stalker Brigand)           Turns: 9843, Time: 00:16:02

Health: -27/73     AC: 19    Str: 19    XL:     12   Next: 89%
Magic:  0/22       EV: 14    Int: 15    God:    Uskayaw [**....]
Gold:   852        SH:  6    Dex: 24    Spells: 11/11 levels left

rFire   + . .      SeeInvis .    t - +10 dagger of the Wraith {chaos, rF+ Int+5}
rCold   + . .      Faith    .    i - +0 buckler
rNeg    . . .      Spirit   +    O - +2 ring mail {rC+}
rPois   .          Reflect  .    E - +0 helmet
rElec   .          Harm     .    l - +2 cloak
rCorr   .          Rampage  .    Q - +0 pair of gloves
Will    +....                    m - +2 pair of boots "Satrilig" {Str+5}
Stlth   +++.......               p - amulet of regeneration
HPRegen 1.92/turn                v - +4 ring of evasion
MPRegen 0.18/turn                I - +4 ring of protection

@: no status effects
A: fangs 3, regeneration 1, magic shield, antimagic bite, no potion heal 2,
agile 1, MP-powered wands
a: Renounce Religion, Stomp, Line Pass


You were on level 12 of the Dungeon.
You worshipped Uskayaw.
Uskayaw was pleased with you.
You visited 2 branches of the dungeon, and saw 13 of its levels.

You collected 852 gold pieces.

Inventory:

Hand Weapons
 a - a +2 dagger of protection
 s - a +2 dagger of venom
 t - the +10 dagger of the Wraith (weapon) {chaos, rF+ Int+5}
   (You found it on level 3 of the Dungeon)

   Each time it hits an enemy it has a different, random effect.
   Int:       It affects your intelligence (+5).
   rF:        It protects you from fire.
Missiles
 d - 14 poisoned darts (quivered)
 e - 3 curare-tipped darts
 k - 5 boomerangs
 C - 6 javelins
 F - 5 atropa-tipped darts
 K - 4 throwing nets
Armour
 i - a +0 buckler (worn)
 l - a +2 cloak (worn)
 m - the +2 pair of boots "Satrilig" (worn) {Str+5}
   (You found it on level 2 of the Dungeon)

   Str:       It affects your strength (+5).
 y - a +2 robe of cold resistance
 E - a +0 helmet (worn)
 O - a +2 ring mail of cold resistance (worn)
 Q - a +0 pair of gloves (worn)
Jewellery
 p - an amulet of regeneration (around neck)
 r - a ring of magical power
 v - a +4 ring of evasion (left hand)
 A - the amulet of Zejua {Acrobat Rampage *Slow Fly}
   (You found it on level 5 of the Dungeon)

   [amulet of the acrobat]

   It increases your evasion while moving and waiting.
   Fly:       It grants you flight.
   *Slow:     It may slow you when you take damage.
   Rampage:   It bestows one free step when moving towards enemies.
 G - a +6 ring of strength
 I - a +4 ring of protection (right hand)
 P - a ring of poison resistance
Wands
 f - a wand of flame (27)
 H - a wand of digging (9)
 L - a wand of polymorph (4)
 N - a wand of acid (2)
 R - a wand of charming (6)
Scrolls
 c - 6 scrolls of teleportation
 j - 3 scrolls of poison
 J - a scroll of fear
 S - a scroll of fog
 T - a scroll of enchant weapon
 V - a scroll of enchant armour {unknown}
Potions
 b - 4 potions of haste
 g - 10 potions of curing
 h - 2 potions of might
 n - 3 potions of berserk rage
 o - 2 potions of cancellation
 q - 2 potions of attraction {unknown}
 u - 2 potions of resistance
 w - a potion of mutation
 x - a potion of lignification {unknown}
 z - a potion of magic {unknown}
 B - 3 potions of brilliance
 D - 3 potions of degeneration {unknown}
 U - a potion of flight {unknown}
 W - a potion of invisibility
Miscellaneous
 M - a phantom mirror


   Skills:
 + Level 13.0 Fighting
 - Level 6.0 Short Blades
 - Level 2.0 Throwing
 - Level 1.0 Dodging
 - Level 5.0 Stealth
 - Level 5.0 Shields
 * Level 12.5 Invocations
 - Level 4.0 Evocations


You had 11 spell levels left.
You didn't know any spells.
Your spell library contained the following spells:

 Spells                   Type           Power      Damage    Failure   Level
 Blink                    Tloc           0%         N/A       67%         2
 Ensorcelled Hibernation  Hex/Ice        0%         N/A       67%         2
 Passwall                 Tmut/Erth      0%         N/A       67%         2
 Gell's Gravitas          Tloc           0%         N/A       88%         3
 Lesser Beckoning         Tloc           0%         N/A       88%         3
 Swiftness                Air            0%         N/A       88%         3
 Teleport Other           Tloc           0%         N/A       88%         3
 Animate Dead             Necr           0%         N/A       99%         4
 Manifold Assault         Tloc           0%         N/A       99%         4
 Borgnjor's Vile Clutch   Necr/Erth      0%         N/A       100%        5
 Summon Forest            Summ/Tloc      0%         N/A       100%        5
 Death Channel            Necr           0%         N/A       100%        6
 Eringya's Noxious Bog    Tmut/Pois      0%         N/A       100%        6
 Storm Form               Tmut/Air       0%         N/A       100%        7
 Summon Hydra             Summ           0%         N/A       100%        7


Dungeon Overview and Level Annotations

Branches:
Dungeon (12/15)            Temple (1/1) D:7            Lair (0/5) D:10
    Orc (0/2) D:11

Altars:
Ashenzari
Cheibriados
Dithmenos
Elyvilon
Fedhas
Gozag
Hepliaklqana
Kikubaaqudgha
Makhleb
Nemelex Xobeh
Okawaru
Qazlal
Ru
Sif Muna
Trog
Uskayaw
Vehumet
Wu Jian
Xom
Yredelemnul
Zin
The Shining One

Annotations:
D:5 dig gold


Innate Abilities, Weirdness & Mutations

You have razor-sharp teeth.
Your natural rate of healing is unusually fast.
When hurt, damage is shared between your health and your magic reserves.
Your bite disrupts and absorbs the magic of your enemies.
Potions cannot restore your health.
You are agile. (Dex +4, Str/Int -1)
You expend magic power (3 MP) to strengthen your wands.


Message History

No reachable target in view!
A gnoll comes into view. It is wielding a +0 whip.
A gnoll comes into view. It is wielding a +4 spear of venom.
The gnoll sergeant shouts!
You hear a shout!
A war gargoyle comes into view. It is wielding a +0 morningstar.
A phantasmal warrior comes into view.
An ice dragon comes into view.
An ettin comes into view.
It is wielding a +0 great mace and a +0 great mace of holy wrath.
You block the gnoll's attack.
The ettin shouts in stereo!
You hit the gnoll. You burn the gnoll.
The gnoll is severely wounded.
The gnoll barely misses you.
You closely miss the gnoll. You bite the gnoll.
You kill the gnoll!
No target in view!
No target in view!
No target in view!
Things that are here:
a +4 spear of venom; 15 gold pieces The ettin hits you but does no damage.
The ettin hits you with a +0 great mace of holy wrath!!
You hit the ettin but do no damage.
Space warps horribly around the ettin!!
Your bite misses the ettin.
The ettin is moderately wounded.
The ettin misses you.
The ettin hits you with a +0 great mace of holy wrath!
You can now pass through a line of other dancers.
You hit the ettin. You freeze the ettin. You bite the ettin, but do no damage.
The ettin is heavily wounded.
You block the ettin's attack.
The ettin hits you with a +0 great mace of holy wrath!!
* * * LOW HITPOINT WARNING * * *
You are too injured to fight recklessly!
You are too injured to fight recklessly!
You hit the ettin.
The ettin seems to grow stronger.
The ettin is heavily wounded.
The ettin hits you with a +0 great mace!!!
Ouch! That really hurt!
You die...

#..# ##..........# #..#
####...........# #.##
#.......########### ..#
#...#...# ###...### .##
#.#####.# ##.......## .# #.###
#.# ##.........## ## #..[#
.###...#####...## # #†###
.##..)##...##...# #
#.#####.##.@##ggg..##..##
######...#...#..C#.......#...#
.....#...#...#...#...#...#...#
.....##..#..##..###..#.#.#.#.#
.....#...# ..#.. 9.W D#####.#
.....#.)## .#.. #...#
....(#.## #e#.. #.⌠.#
.....#..## ..##. #...#
#....#)..#...# #####.#


You could see an ettin (strong).

Vanquished Creatures
  Harold (D:9)
  2 ogre magi (D:12)
  A centaur warrior (D:10)
  5 two-headed ogres
  2 boulder beetles (D:12)
  3 skeletal warriors (D:10)
  A phantasmal warrior (D:12)
  A wizard (D:12)
  A cyclops (D:12)
  2 manticores (D:12)
  The ghost of Taurus the Chopper, a novice MiFi (D:5)
  A gargoyle (D:11)
  An unseen horror (shapeshifter) (D:12)
  2 kobold demonologists (D:12)
  An unseen horror (D:11)
  4 trolls
  8 slime creatures
  A shadow (D:11)
  Sigmund (D:4)
  4 wraiths
  17 yaks
  A steam dragon (D:7)
  Menkaure (D:7)
  A water moccasin (D:6)
  2 orc warriors
  A black bear (D:4)
  2 ice beasts
  3 centaurs
  A kobold brigand (D:12)
  4 bullfrogs
  2 necrophages
  3 scorpions
  16 wights
  2 howler monkeys (D:8)
  5 orc priests
  A hound (D:6)
  4 jellies
  5 iguanas
  6 orc wizards
  A mummy (D:3)
  8 adders
  A gnoll (D:12)
  A shadow imp (D:7)
  2 white imps
  A worm (D:2)
  6 dart slugs
  31 orcs
  3 bats (D:2)
  9 endoplasms
  A giant cockroach (D:1)
  12 goblins
  6 hobgoblins
  5 jackals
  7 kobolds
  2 quokkas
  5 ball pythons
  4 frilled lizards
  5 rats
230 creatures vanquished.

Vanquished Creatures (others)
  An orc zombie (D:6)
  A plant (D:1)
2 creatures vanquished.

Grand Total: 232 creatures vanquished

Notes
Turn   | Place    | Note
-------+----------+-------------------------------------------
     0 | D:1      | zishaf the Vine Stalker Brigand began the quest for the
                  | Orb.
     0 | D:1      | Reached XP level 1. HP: 11/11 MP: 2/2
   207 | D:1      | Reached skill level 1 in Dodging
   207 | D:1      | Reached XP level 2. HP: 13/15 MP: 3/3
   258 | D:1      | Reached skill level 5 in Stealth
   671 | D:1      | Reached skill level 2 in Fighting
   758 | D:2      | Identified the +2 pair of boots "Satrilig" {Str+5}
  1043 | D:2      | Reached XP level 3. HP: 17/18 MP: 4/4
  1215 | D:2      | Found a bloodstained altar of Trog.
  1240 | D:2      | Found a faded altar of an unknown god.
  1467 | D:3      | Gained mutation: Your natural rate of healing is unusually
                  | fast. [Vine Stalker growth]
  1467 | D:3      | Reached XP level 4. HP: 23/23 MP: 5/5
  1562 | D:3      | Found a shimmering blue altar of Sif Muna.
  1657 | D:3      | Identified the +10 dagger of the Wraith {chaos, rF+ Int+5}
  1682 | D:3      | Reached skill level 3 in Fighting
  1834 | D:3      | Found a shadowy altar of Dithmenos.
  2072 | D:3      | Found a snail-covered altar of Cheibriados.
  2358 | D:4      | Reached XP level 5. HP: 23/28 MP: 6/6
  2541 | D:4      | Noticed a black bear
  2548 | D:4      | Killed a black bear
  2549 | D:4      | Reached skill level 4 in Fighting
  2549 | D:4      | Reached XP level 6. HP: 33/33 MP: 7/7
  3216 | D:4      | Noticed Sigmund
  3233 | D:4      | Killed Sigmund
  3234 | D:4      | Reached XP level 7. HP: 37/38 MP: 8/8
  3263 | D:4      | Found an ornate altar of the Wu Jian Council.
  3263 | D:4      | Found a burning altar of Makhleb.
  3447 | D:5      | Entered Level 5 of the Dungeon
  3478 | D:5      | Reached skill level 5 in Fighting
  3478 | D:5      | Reached skill level 5 in Short Blades
  3492 | D:5      | Identified the amulet of Zejua {Acrobat Rampage *Slow Fly}
  3822 | D:5      | Found a white marble altar of Elyvilon.
  3822 | D:5      | Found an opulent altar of Gozag.
  4067 | D:5      | Noticed a troll
  4075 | D:5      | Killed a troll
  4076 | D:5      | Gained mutation: You have razor-sharp teeth. [Vine Stalker
                  | growth]
  4076 | D:5      | Reached XP level 8. HP: 20/44 MP: 5/9
  4146 | D:5      | Found a glowing silver altar of Zin.
  4200 | D:5      | Found an iron altar of Okawaru.
  4299 | D:5      | Found a runed translucent door.
  4302 | D:5      | Noticed Taurus's ghost (novice MiFi)
  4398 | D:5      | Reached skill level 6 in Fighting
  4419 | D:5      | Killed Taurus's ghost
  4420 | D:5      | Reached skill level 7 in Fighting
  4613 | D:6      | Reached skill level 8 in Fighting
  4660 | D:6      | Reached XP level 9. HP: 52/52 MP: 7/10
  4792 | D:6      | Reached skill level 9 in Fighting
  5253 | D:7      | Reached skill level 10 in Fighting
  5360 | D:7      | Noticed Menkaure
  5362 | D:7      | Found a staircase to the Ecumenical Temple.
  5368 | D:7      | Killed Menkaure
  5388 | Temple   | Entered the Ecumenical Temple
  5582 | Temple   | Became a worshipper of Uskayaw the Reveller
  5634 | D:7      | Reached * piety under Uskayaw
  5805 | D:7      | Reached ** piety under Uskayaw
  5806 | D:7      | Reached skill level 1 in Invocations
  5809 | D:7      | Reached *** piety under Uskayaw
  6140 | D:8      | Reached XP level 10. HP: 50/60 MP: 10/13
  6343 | D:8      | Noticed a two-headed ogre
  6352 | D:8      | Killed a two-headed ogre
  6353 | D:8      | Reached skill level 1 in Shields
  6769 | D:9      | Reached skill level 5 in Invocations
  6772 | D:9      | Reached skill level 11 in Fighting
  6773 | D:9      | Reached **** piety under Uskayaw
  6774 | D:9      | Reached ***** piety under Uskayaw
  6828 | D:9      | Noticed a two-headed ogre
  6837 | D:9      | Killed a two-headed ogre
  6919 | D:9      | Noticed Harold
  6931 | D:9      | Killed Harold
  7053 | D:9      | Found a sparkling altar of Nemelex Xobeh.
  7250 | D:9      | Reached XP level 11. HP: 64/65 MP: 17/17
  7493 | D:10     | Entered Level 10 of the Dungeon
  7676 | D:10     | Found a staircase to the Lair.
  7829 | D:10     | Noticed a centaur warrior
  7841 | D:10     | Killed a centaur warrior
  7842 | D:10     | Reached skill level 1 in Evocations
  8005 | D:10     | Noticed a skeletal warrior
  8007 | D:10     | Noticed a skeletal warrior
  8008 | D:10     | Noticed a skeletal warrior
  8023 | D:10     | Killed a skeletal warrior
  8024 | D:10     | Killed a skeletal warrior
  8025 | D:10     | Reached skill level 5 in Shields
  8051 | D:10     | Killed a skeletal warrior
  8209 | D:10     | Found a stormy altar of Qazlal.
  8324 | D:10     | Noticed a two-headed ogre
  8333 | D:10     | Killed a two-headed ogre
  8530 | D:11     | Reached skill level 12 in Fighting
  8577 | D:11     | Found a staircase to the Orcish Mines.
  8745 | D:11     | Reached XP level 12. HP: 58/71 MP: 20/20
  8802 | D:11     | Reached skill level 10 in Invocations
  9025 | D:12     | Noticed a soul eater
  9198 | D:12     | Noticed a two-headed ogre
  9206 | D:12     | Killed a two-headed ogre
  9214 | D:12     | Gained mutation: You have a pair of small horns on your
                  | head. [potion of mutation]
  9215 | D:12     | Lost mutation: You have a pair of small horns on your head.
                  | [potion of mutation]
  9215 | D:12     | Gained mutation: You expend magic power (3 MP) to
                  | strengthen your wands. [potion of mutation]
  9215 | D:12     | Gained mutation: You are agile. (Dex +4, Str/Int -1)
                  | [potion of mutation]
  9224 | D:12     | Found a bloodstained altar of Trog.
  9526 | D:12     | Noticed a boulder beetle
  9537 | D:12     | Killed a boulder beetle
  9710 | D:12     | Noticed a boulder beetle
  9722 | D:12     | Killed a boulder beetle
  9727 | D:12     | Noticed a fire dragon
  9734 | D:12     | Noticed a two-headed ogre
  9742 | D:12     | Killed a two-headed ogre
  9745 | D:12     | Noticed an ogre mage
  9751 | D:12     | Noticed an ogre mage
  9766 | D:12     | Killed an ogre mage
  9777 | D:12     | Noticed a stone giant
  9779 | D:12     | Noticed an ogre mage
  9796 | D:12     | a stone giant changed into a shapeshifter
  9804 | D:12     | Reached skill level 13 in Fighting
  9809 | D:12     | Killed an ogre mage
  9833 | D:12     | Noticed a war gargoyle
  9834 | D:12     | Noticed an ice dragon
  9836 | D:12     | Noticed an ettin
  9843 | D:12     | Annihilated by an ettin

Illustrated notes

Levels and vault maps discovered:
D:1:      eino_arrival_druids_welcome, layout_loops_ring
D:2:      layout_basic, basic_altar, shapermc_ecumenical_altar_pompeii,
          feat_on_display
D:3:      layout_basic, chei_slow_surprise, mainiacjoe_overflow_alcove_4,
          lemuel_tele_altar, minmay_pentomino_pile
D:4:      layout_gridville, gammafunk_temple_overflow_wave, uniq_sigmund
D:5:      layout_loops_corners, zin_treasury,
          mainiacjoe_overflow_surrounded_room, gammafunk_temple_overflow_pools,
          ebering_ghost_sewer_d
D:6:      layout_basic, minmay_statues_item
D:7:      layout_basic, temple_fountains, uniq_menkaure
D:8:      layout_cave_pools
D:9:      kennysheep_blocky_hall, layout_rooms, mainiacjoe_overflow_paths,
          roderic_lattice_a, uniq_harold
D:10:     wad_pebble_path, layout_irregular_city, old_standard_altar,
          lair_entry_dummy
D:11:     layout_rooms
D:12:     minmay_tile_spiral, layout_cave_pods, trog_butcher_becter
Temple:   chequers_temple_sunken

Skill      XL: |  1  2  3  4  5  6  7  8  9 10 11 12 |
---------------+-------------------------------------+-----
Dodging        | 1 |  1.0
Stealth        | 5 |  5.0
Fighting       | 2 3 4 5 8 10 11 12 13 | 13.0
Short Blades   | 2 3 4 5 6 |  6.0
Throwing       | 2 |  2.0
Invocations    | 3 7 9 12 | 12.5
Shields        | 3 5 |  5.0
Evocations     | 3 4 |  4.0

Action                   |  1- 3 |  4- 6 |  7- 9 | 10-12 || total
-------------------------+-------+-------+-------+-------++-------
Melee: Dagger            |    87 |    98 |   167 |   388 ||   740
       Bite              |    25 |    25 |    60 |   159 ||   269
       Punch             |       |     2 |     1 |       ||     3
Throw: Dart              |     8 |       |       |       ||     8
Evoke: Wand              |       |       |       |     2 ||     2
  Use: Scroll            |       |    11 |     5 |     8 ||    24
       Potion            |       |       |       |     2 ||     2
 Stab: Sleeping          |     7 |     9 |     8 |     4 ||    28
       Paralysed         |       |       |     1 |    29 ||    30
       Distracted        |       |       |     1 |       ||     1
       Confused          |       |       |       |     1 ||     1
Armor: Ring mail         |    30 |    21 |       |    95 ||   146
       Robe              |       |       |    37 |    26 ||    63
Dodge: Dodged            |    31 |    43 |    91 |   136 ||   301
Block: Buckler           |       |       |       |    62 ||    62

Table legend: (Time is in decaauts)
 A = Elapsed time spent in this place.
 B = Non-inter-level travel time spent in this place.
 C = Inter-level travel time spent in this place.
 D = Time resting spent in this place.
 E = Time spent auto-exploring this place.
 F = Levels seen in this place.
 G = Mean time per level.
                   A        B        C        D        E       F      G
               +--------+--------+--------+--------+--------+-----+--------+
         Total |   9744 |   9118 |    626 |    114 |   7128 |  13 |  749.5 |
       Dungeon |   9472 |   8873 |    599 |    114 |   6899 |  12 |  789.3 |
        Temple |    272 |    246 |     26 |      0 |    229 |   1 |  272.0 |
               +--------+--------+--------+--------+--------+-----+--------+

Top non-repeatable levels by time:
     D:5: 1220 daAuts
     D:4: 1041 daAuts
    D:10: 931 daAuts
     D:3: 927 daAuts
    D:12: 844 daAuts
     D:2: 767 daAuts
     D:7: 733 daAuts
     D:9: 708 daAuts
     D:1: 680 daAuts
     D:6: 570 daAuts
     D:8: 526 daAuts
    D:11: 521 daAuts
  Temple: 272 daAuts
